 Dungeon Crawl Stone Soup version 0.30-a0-782-ge64f9170bb (webtiles) character file.

Game seed: 10429082046830609804

68343 Drevant2 the Slayer (level 15, -3/200 HPs)
             Began as an Ogre Berserker on Feb 18, 2023.
             Was a High Priest of Trog.
             Slain by a starflower (18 damage)
             ... on level 6 of the Abyss.
             The game lasted 00:51:08 (18897 turns).

Drevant2 the Slayer (Ogre Berserker)               Turns: 18897, Time: 00:51:08

Health: -3/200     AC: 16    Str: 31    XL:     15   Next: 26%
Magic:  0/15       EV:  9    Int: 11    God:    Trog [*****.]
Gold:   1108       SH:  0    Dex: 18    Spells: 14/14 levels left

rFire   + + +      SeeInvis .    U - +3 giant spiked club of Resumed Hostilities {heavy, rPois rF+ rN+ Str+4}
rCold   x . .      Faith    .    (shield currently unavailable)
rNeg    + + .      Spirit   +    P - +0 fire dragon scales
rPois   +          Reflect  .    (helmet restricted)
rElec   .          Harm     .    O - +2 cloak of the Old and Reckless {rN+ Int+3}
rCorr   .          Rampage  .    (gloves unavailable)
Will    +....                    (boots unavailable) Stlth
                                 h - amulet of guardian spirit
HPRegen 0.00/turn                i - +4 ring of protection
MPRegen 0.14/turn                E - +6 ring of dexterity

@: about to teleport, sick, studying Shields
A: large, unfitting armour, tough skin 1, hooves 1, fire resistance 1
a: Renounce Religion, Berserk, Trog's Hand, Brothers in Arms


You were on level 6 of the Abyss.
You worshipped Trog.
Trog was extremely pleased with you.
You visited 3 branches of the dungeon, and saw 18 of its levels.
You visited the Abyss 1 time.
You also visited: Bailey and Gauntlet.

You collected 1264 gold pieces.
You spent 156 gold pieces at shops.

Inventory:

Hand Weapons
 a - a +0 mace
 u - a +0 giant club
 y - a +6 spectral giant spiked club
 U - the +3 giant spiked club of Resumed Hostilities (weapon) {heavy, rPois rF+ rN+ Str+4}
   (Trog gifted it to you on level 4 of the Lair of Beasts)

   Str:       It affects your strength (+4).
   rF:        It protects you from fire.
   rPois:     It protects you from poison.
   rN:        It protects you from negative energy.
Missiles
 B - 2 throwing nets (quivered)
 Q - 4 silver javelins
Armour
 b - a +0 animal skin
 e - a +0 helmet
 p - a +0 troll leather armour
 O - the +2 cloak of the Old and Reckless (worn) {rN+ Int+3}
   (You found it in a Gauntlet)

   Int:       It affects your intelligence (+3).
   rN:        It protects you from negative energy.
 P - +0 fire dragon scales (worn)
Jewellery
 h - an amulet of guardian spirit (around neck)
 i - a +4 ring of protection (left hand)
 k - a ring of flight
 r - an amulet of the acrobat
 w - a ring of magical power
 E - a +6 ring of dexterity (right hand)
 K - a ring of protection from cold
 N - a +5 ring of evasion
Wands
 d - a wand of quicksilver (14)
 n - a wand of iceblast (13)
 S - a wand of mindburst (5)
Scrolls
 f - 3 scrolls of blinking
 g - 2 scrolls of torment
 l - 2 scrolls of poison
 o - a scroll of amnesia
 s - 2 scrolls of fog
 t - 2 scrolls of teleportation
 v - 2 scrolls of vulnerability
 z - 2 scrolls of fear
 C - 2 scrolls of immolation
 D - 4 scrolls of magic mapping
 F - 4 scrolls of enchant armour
 H - a scroll of identify
 L - a scroll of summoning
 M - a scroll of silence
 R - a scroll of enchant weapon
Potions
 c - 3 potions of attraction
 j - 4 potions of lignification
 m - 2 potions of brilliance
 q - 2 potions of cancellation
 x - a potion of ambrosia
 A - 2 potions of degeneration
 G - a potion of haste
 I - 3 potions of curing
 J - 4 potions of might


   Skills:
 + Level 25.0 Fighting
 - Level 18.4 Maces & Flails
 - Level 2.6 Dodging


You had 14 spell levels left.
You didn't know any spells.
Your spell library was empty.

Dungeon Overview and Level Annotations

Branches:
Dungeon (11/15)            Temple (0/1) D:6            Lair (5/5) D:10
 Shoals (0/4) Lair:3        Snake (0/4) Lair:3        Slime (0/5) Lair:4
    Orc (2/2) D:9          Bailey (visited)         Gauntlet (visited)
    Elf: Orc:2

Altars:
Ashenzari
Cheibriados
Fedhas
Nemelex Xobeh
Sif Muna
Trog
Uskayaw
Wu Jian
The Shining One

Shops:
Orc:1 !

Annotations:
D:11 Sonja
Orc:2 Saint Roka


Innate Abilities, Weirdness & Mutations

You are too large for most types of armour.
You have tough skin. (AC +1)
You have large cloven feet.
Your flesh is heat resistant. (rF+)


Message History

You stumble backwards!
A starcursed mass splits.
The ancient zyme closely misses you.
The ancient zyme hits you but does no damage.
As you read the scroll of teleportation, it crumbles to dust.
You feel strangely unstable.
You feel the power of the Abyss delaying your translocation!
A smoke demon comes into view.
A tentacled starspawn comes into view.
The starflower tentacle-slaps you but does no damage. x2
The thrashing horror barely misses you. x2
The ancient zyme hits you but does no damage. x2
You feel ill.
A starflower comes into view.
The thrashing horror tramples you but does no damage.
The thrashing horror tramples you.
* * * LOW HITPOINT WARNING * * *
You hold your ground!
A tentacled starspawn comes into view.
A large abomination comes into view.
You feel ill.
The starflower fires a harpoon shot at you.
The harpoon shot hits you!!
* * * LOW HITPOINT WARNING * * *
You are yanked forward by the harpoon shot.
As you read the scroll of teleportation, it crumbles to dust.
You feel strangely stable.
The starflower tentacle-slaps you but does no damage. x2
The starflower tentacle-slaps you.
* * * LOW HITPOINT WARNING * * *
A starcursed mass splits.
A chorus of shrieks assaults your mind.
* * * LOW HITPOINT WARNING * * *
As you read the scroll of teleportation, it crumbles to dust.
You feel strangely unstable.
You feel the power of the Abyss delaying your translocation!
A chorus of shrieks assaults your mind.
* * * LOW HITPOINT WARNING * * *
The crystal guardian hits you but does no damage.
The starflower tentacle-slaps you!
* * * LOW HITPOINT WARNING * * *
Space warps horribly around you!!
You die...

#.##.#.. .#.##
#.##...#. ....#
...#..... ....#..
.#...X#.#.....#
..#..##.# #
.##..X#.##
..##.#.X#2.##.#####
........xX#...# #.#
#.##X@9#§....###.
#P###.####...
#X3#.#.. .#
#..#####§9# _ #..
§.. § ..# X. ##. ..
.#


You could see 2 starcursed masses, a starflower, 2 tentacled starspawn, a green
death, a crystal guardian, an ancient zyme, a thrashing horror, a large
abomination and a smoke demon.

Vanquished Creatures
  An ophan (Abyss:3)
  A minotaur (Gauntlet)
  A fire dragon (Lair:5)
  2 vault guards (Bailey)
  A boulder beetle (Lair:3)
  A hydra (Lair:5)
  2 catoblepae
  3 two-headed ogres
  A hell hog (Gauntlet)
  2 thrashing horrors
  3 death yaks (Lair:5)
  3 skysharks
  A wretched star (Abyss:5)
  4 large abominations
  An orc knight (Orc:1)
  4 lindwurms
  31 elephants
  A moth of wrath (Gauntlet)
  6 black mambas
  2 molten gargoyles (Lair:5)
  A smoke demon (Abyss:6)
  9 cane toads
  A gargoyle (D:11)
  A kobold demonologist (D:9)
  3 rime drakes
  An efreet (Abyss:2)
  9 komodo dragons
  2 minotaur zombies (Gauntlet)
  An unseen horror (Abyss:2)
  7 polar bears
  A troll (D:9)
  3 raiju (Abyss:3)
  A hornet (D:8)
  Prince Ribbit (Bailey)
  13 blink frogs
  Grinder (D:6)
  A shadow (D:10)
  29 yaks
  A vampire (D:9)
  6 basilisks
  2 fire bats (Gauntlet)
  A ynoxinul (Abyss:5)
  3 humans (Bailey)
  9 wyverns
  3 steam dragons
  A neqoxec (Abyss:6)
  2 death yak simulacra (Lair:4)
  4 nagas
  4 wargs (Orc:1)
  2 acid dragons
  7 hell hounds
  20 water moccasins
  A sky beast (D:7)
  3 ice beasts (D:7)
  10 orc warriors
  2 black bears
  7 ogres
  A phantom (D:5)
  3 centaurs
  20 wolves
  23 kobold brigands
  Blork the orc (D:4)
  3 necrophages
  13 bullfrogs
  A gnoll sergeant (D:7)
  7 scorpions
  5 small abominations
  14 wights
  7 killer bees (D:9)
  An elephant simulacrum (Lair:4)
  2 electric eels (Lair:3)
  3 howler monkeys
  5 lava snakes (Lair:5)
  4 jellies
  7 orc priests
  2 hounds
  3 iguanas
  16 orc wizards
  5 hell rats (Lair:1)
  2 polar bear simulacra (Lair:4)
  14 adders
  4 gnolls
  2 shadow imps
  2 white imps (D:6)
  2 ufetubi
  4 worms
  2 dart slugs
  35 orcs
  8 ball pythons
  2 bats
  8 endoplasms
  3 giant cockroaches (D:1)
  12 goblins
  8 hobgoblins
  8 jackals
  2 quokkas
  2 frilled lizards
  2 goblin skeletons (D:6)
  A goblin zombie (D:6)
  5 hobgoblin zombies (D:6)
  39 kobolds
  A kobold skeleton (D:6)
  2 kobold zombies (D:6)
  An orc skeleton (D:6)
  10 rats
571 creatures vanquished.

Vanquished Creatures (collateral kills)
  3 thrashing horrors (Abyss:6)
  A large abomination (Abyss:6)
  3 elephants (Lair:4)
  A komodo dragon (Lair:4)
  A kobold brigand (D:7)
  6 killer bees (D:7)
  4 kobolds (D:7)
19 creatures vanquished.

Vanquished Creatures (others)
  A quasit (Abyss:2)
  An orc wizard (Orc:2)
  3 kobolds (D:8)
  24 fungi
  25 plants
54 creatures vanquished.

Grand Total: 644 creatures vanquished

Notes
Turn   | Place    | Note
-------+----------+-------------------------------------------
     0 | D:1      | Drevant2 the Ogre Berserker began the quest for the Orb.
     0 | D:1      | Reached XP level 1. HP: 24/24 MP: 1/1
   197 | D:1      | Reached XP level 2. HP: 3/32 MP: 2/2
   555 | D:1      | Reached XP level 3. HP: 39/39 MP: 3/3
   685 | D:1      | Reached ** piety under Trog
   940 | D:2      | Found a bloodstained altar of Trog.
  1007 | D:2      | Reached XP level 4. HP: 36/48 MP: 4/4
  1323 | D:2      | Gained mutation: You have large cloven feet. [potion of
                  | mutation]
  1323 | D:2      | Gained mutation: Your flesh is heat resistant. (rF+)
                  | [potion of mutation]
  1324 | D:2      | HP: 1/48 [poisoned by a goblin]
  2026 | D:3      | Reached skill level 5 in Maces & Flails
  2026 | D:3      | Reached XP level 5. HP: 50/54 MP: 3/5
  2214 | D:4      | Noticed a black bear
  2254 | D:3      | Reached *** piety under Trog
  2263 | D:4      | Noticed Blork the orc
  2358 | D:4      | Found an ornate altar of the Wu Jian Council.
  2439 | D:4      | Found a broken altar of Ashenzari.
  2606 | D:4      | Killed a black bear
  2607 | D:4      | Reached XP level 6. HP: 62/62 MP: 6/6
  2700 | D:4      | Killed Blork the orc
  3022 | D:5      | Entered Level 5 of the Dungeon
  3052 | D:5      | Reached XP level 7. HP: 63/70 MP: 7/7
  3878 | D:5      | Reached XP level 8. HP: 77/78 MP: 8/8
  4240 | D:6      | Noticed Grinder
  4246 | D:6      | Found a glowing golden altar of the Shining One.
  4252 | D:6      | Killed Grinder
  4618 | D:6      | Reached skill level 10 in Maces & Flails
  4752 | D:6      | Reached XP level 9. HP: 84/84 MP: 9/9
  5138 | D:6      | Found a staircase to the Ecumenical Temple.
  5948 | D:7      | Reached **** piety under Trog
  6762 | D:7      | Reached XP level 10. HP: 73/92 MP: 7/10
  7307 | D:7      | HP: 4/92 [ice beast (10)]
  7705 | D:8      | Noticed a two-headed ogre
  7718 | D:8      | Killed a two-headed ogre
  8227 | D:8      | Found a hide-covered altar of Uskayaw.
  8880 | D:8      | Noticed a salamander
  9121 | D:9      | Found a flagged portal.
  9160 | Bailey   | Entered a bailey
  9201 | Bailey   | Reached skill level 15 in Maces & Flails
  9201 | Bailey   | Reached XP level 11. HP: 98/100 MP: 11/11
  9270 | Bailey   | Noticed Prince Ribbit
  9296 | Bailey   | Killed Prince Ribbit
  9303 | Bailey   | Noticed a vault guard
  9321 | Bailey   | Killed a vault guard
  9411 | Bailey   | Noticed a vault guard
  9420 | Bailey   | Killed a vault guard
  9507 | D:9      | Noticed a sixfirhy
  9570 | D:9      | Reached ***** piety under Trog
  9908 | D:9      | Found a staircase to the Orcish Mines.
  9990 | D:9      | Found a blossoming altar of Fedhas.
 10193 | D:10     | Entered Level 10 of the Dungeon
 10467 | D:10     | Found a staircase to the Lair.
 10516 | D:10     | Found a bloodstained altar of Trog.
 10524 | D:10     | Found a snail-covered altar of Cheibriados.
 10528 | D:10     | Found a sparkling altar of Nemelex Xobeh.
 10530 | D:10     | Found a shimmering blue altar of Sif Muna.
 10546 | D:10     | Noticed a two-headed ogre
 10551 | D:10     | Killed a two-headed ogre
 10953 | D:11     | Noticed Sonja
 10965 | D:10     | Reached XP level 12. HP: 107/107 MP: 12/12
 10988 | Lair:1   | Entered Level 1 of the Lair of Beasts
 11475 | Lair:1   | Noticed a catoblepas
 11490 | Lair:1   | Killed a catoblepas
 12334 | Lair:2   | Reached skill level 5 in Fighting
 12398 | Lair:2   | Reached skill level 6 in Fighting
 12404 | Lair:2   | Noticed a catoblepas
 12511 | Lair:2   | Reached skill level 7 in Fighting
 12784 | Lair:2   | Reached skill level 8 in Fighting
 12794 | Lair:2   | Reached skill level 9 in Fighting
 12957 | Lair:2   | Reached skill level 10 in Fighting
 12957 | Lair:2   | Reached XP level 13. HP: 87/133 MP: 7/13
 13209 | Lair:2   | Reached skill level 11 in Fighting
 13668 | Lair:2   | Reached skill level 12 in Fighting
 13788 | Lair:3   | Reached skill level 13 in Fighting
 14120 | Lair:3   | Reached skill level 14 in Fighting
 14298 | Lair:3   | Found a staircase to the Snake Pit.
 14545 | Lair:3   | Found a staircase to the Shoals.
 14950 | Lair:3   | Reached ****** piety under Trog
 14951 | Lair:3   | Reached skill level 15 in Fighting
 15034 | Lair:3   | Reached skill level 16 in Fighting
 15125 | Lair:4   | Found a gate leading to a gauntlet.
 15143 | Gauntlet | Entered a Gauntlet
 15143 | Gauntlet | Found a transporter.
 15143 | Gauntlet | Found a transporter.
 15184 | Gauntlet | Found a transporter.
 15185 | Gauntlet | Found a transporter.
 15193 | Gauntlet | Found a transporter.
 15196 | Gauntlet | Found a transporter.
 15202 | Gauntlet | Noticed a great orb of eyes
 15204 | Gauntlet | Found a transporter.
 15222 | Gauntlet | Found a transporter.
 15239 | Gauntlet | Found a transporter.
 15242 | Gauntlet | Found a transporter.
 15252 | Gauntlet | Found a transporter.
 15255 | Gauntlet | Found a transporter.
 15353 | Gauntlet | Reached XP level 14. HP: 163/163 MP: 9/14
 15379 | Gauntlet | Identified the +2 cloak of the Old and Reckless {rN+ Int+3}
 15460 | Gauntlet | Reached skill level 17 in Fighting
 15667 | Lair:4   | Identified the +3 giant spiked club of Resumed Hostilities
                  | {heavy, rPois rF+ rN+ Str+4} (Trog gifted it to you on
                  | level 4 of the Lair of Beasts)
 15667 | Lair:4   | Received a gift from Trog
 15737 | Lair:4   | Reached skill level 18 in Fighting
 15739 | Lair:4   | Identified a scroll of acquirement
 15743 | Lair:4   | Found a staircase to the Slime Pits.
 15783 | Lair:4   | Acquired a manual of Fighting
 16409 | Lair:5   | Entered Level 5 of the Lair of Beasts
 16420 | Lair:5   | Reached skill level 19 in Fighting
 16551 | Lair:5   | Reached skill level 20 in Fighting
 16801 | Lair:5   | Reached skill level 21 in Fighting
 17035 | Lair:5   | Reached skill level 22 in Fighting
 17038 | Lair:5   | Received a gift from Trog
 17337 | Lair:5   | Found a large runed translucent door.
 17337 | Lair:5   | Found a large runed translucent door.
 17354 | Lair:5   | Reached skill level 23 in Fighting
 17377 | Lair:5   | Identified the +3 leather armour "Withoyp" {Rampage rC+}
 17794 | Orc:1    | Entered Level 1 of the Orcish Mines
 17952 | Orc:1    | Found Neaplucu's Distillery.
 17960 | Orc:1    | Bought a potion of heal wounds for 65 gold pieces
 17960 | Orc:1    | Bought a potion of curing for 39 gold pieces
 17960 | Orc:1    | Bought a potion of might for 52 gold pieces
 18042 | Orc:2    | Entered Level 2 of the Orcish Mines
 18043 | Orc:2    | Noticed Saint Roka
 18448 | D:11     | Reached XP level 15. HP: 196/196 MP: 11/15
 18506 | Abyss:2  | Cast into level 2 of the Abyss (Sonja)
 18531 | Abyss:2  | Reached skill level 24 in Fighting
 18766 | Abyss:5  | Found a corrupted altar of Lugonu.
 18797 | Abyss:6  | Noticed a bone dragon
 18819 | Abyss:6  | HP: 7/178 [thrashing horror (2)]
 18824 | Abyss:6  | Found a corrupted altar of Lugonu.
 18891 | Abyss:6  | Reached skill level 25 in Fighting
 18893 | Abyss:6  | Noticed a tentacled starspawn
 18894 | Abyss:6  | Noticed a tentacled starspawn
 18897 | Abyss:6  | Slain by a starflower

Illustrated notes

Levels and vault maps discovered:
D:1:      dpeg_arrival_central, layout_basic
D:2:      layout_rooms, basic_altar, chequers_jeans
D:3:      layout_loops_ring
D:4:      layout_basic, mainiacjoe_overflow_paths, nicolae_ashenzari_skybound,
          uniq_blork_the_orc
D:5:      layout_rooms, serial_aquarium, aquarium_bridge_square
          [aquarium_subvault_bridge, aquarium_subvault_bridge,
          aquarium_subvault_bridge, aquarium_subvault_bridge],
          aquarium_window_1, aquarium_window_corridor_2, aquarium_view_2g,
          aquarium_view_2g, aquarium_pool_1
D:6:      layout_loops_corners, nicolae_tso_besieged_by_evil,
          minmay_temple_entry_enclosed_plants, nicolae_half_adder, uniq_grinder
D:7:      cheibrodos_barr_body, layout_loops_ring
D:8:      layout_rooms, old_standard_altar, ebering_ghost_disaster_area
D:9:      layout_roguey [special_room_kobold], fedhas_altar_4,
          minmay_orc_entry_temple_small, enter_bailey_5
D:10:     layout_long_grid, minitemple, david_lair_shrubbed
D:11:     layout_cave_pools, uniq_sonja
Lair:1:   layout_roguey, minivault_19
Lair:2:   layout_cave_pods, cheibrodos_lair_reptile_den, grunt_megastairs_2
Lair:3:   layout_chaotic_city, shoals_dummy_entry,
          minmay_snake_entry_guardpost_small, nicolae_lair_lindhole
Lair:4:   layout_misc_corridors, nicolae_slime_entry_field_trip,
          portal_ice_cave_entry_ice_simulacra, gauntlet_entry_generic,
          beast_lair_carwin_6, grunt_megastairs_1
Lair:5:   cheibrodos_lair_end_hotspot, layout_big_grid
Orc:1:    layout_diamond_mine, serial_shops, nicolae_shop_advertising_works
          [nicolae_subvault_shop_adworks]
Orc:2:    grunt_orc_gardens, layout_diamond_mine, grunt_orc_garden,
          grunt_orc_garden, grunt_orc_garden, grunt_orc_garden,
          nicolae_shop_clearance, uniq_saint_roka
Abyss:6:  base: D:3, spicy_abyss_planar_alliance,
          gammafunk_abyss_rune_reverse_zot, evilmike_abyss_exit_glass,
          minivault_23, evilmike_abyss_rune_ettins

Skill      XL: |  1  2  3  4  5  6  7  8  9 10 11 12 13 14 15 |
---------------+----------------------------------------------+-----
Maces & Flails | 3 4 5 6 7 8 10 12 15 17 18 | 18.4
Fighting       | 10 16 23 25 | 25.0
Dodging        | |  2.6

Action                     |  1- 3 |  4- 6 |  7- 9 | 10-12 | 13-15 || total
---------------------------+-------+-------+-------+-------+-------++-------
  Melee: Mace              |    94 |   167 |   139 |       |       ||   400
         Punch             |     1 |     2 |     4 |       |       ||     7
         Kick              |       |    32 |    63 |   123 |   149 ||   367
         Giant club        |       |       |    14 |       |       ||    14
         Giant spiked club |       |       |   138 |   543 |   490 ||  1171
  Throw: Throwing net      |       |       |     1 |     4 |     1 ||     6
 Invoke: Berserk           |       |     3 |    10 |    16 |     9 ||    38
         Trog's Hand       |       |       |     1 |     3 |     1 ||     5
         Brothers in Arms  |       |       |       |     1 |     5 ||     6
    Use: Potion            |       |     5 |     2 |     2 |     2 ||    11
         Scroll            |       |       |     8 |    14 |    17 ||    39
   Stab: Invisible         |       |     1 |       |     5 |       ||     6
         Sleeping          |       |       |       |     1 |       ||     1
         Distracted        |       |       |       |       |     1 ||     1
 Armour: Animal skin       |    30 |    78 |   118 |    73 |       ||   299
         Troll leather arm |       |       |       |   138 |   243 ||   381
         Fire dragon scale |       |       |       |       |   108 ||   108
  Dodge: Dodged            |    49 |    77 |   156 |   296 |   306 ||   884

Table legend: (Time is in decaauts)
 A = Elapsed time spent in this place.
 B = Non-inter-level travel time spent in this place.
 C = Inter-level travel time spent in this place.
 D = Time resting spent in this place.
 E = Time spent auto-exploring this place.
 F = Levels seen in this place.
 G = Mean time per level.
                   A        B        C        D        E       F      G
               +--------+--------+--------+--------+--------+-----+--------+
         Total |  19409 |  17360 |   2049 |   5115 |   7976 |  25 |  776.4 |
       Dungeon |  11321 |  10231 |   1090 |   3368 |   4810 |  11 | 1029.2 |
          Lair |   6358 |   5423 |    935 |   1221 |   2904 |   5 | 1271.6 |
  Orcish Mines |    549 |    526 |     23 |    223 |    211 |   2 |  274.5 |
         Abyss |    401 |    401 |      0 |     64 |      0 |   5 |   80.2 |
        Bailey |    304 |    304 |      0 |     52 |     42 |   1 |  304.0 |
      Gauntlet |    474 |    474 |      0 |    186 |      9 |   1 |  474.0 |
               +--------+--------+--------+--------+--------+-----+--------+

Top non-repeatable levels by time:
     D:7: 2337 daAuts
     D:6: 1769 daAuts
  Lair:2: 1597 daAuts
  Lair:1: 1359 daAuts
  Lair:5: 1249 daAuts
  Lair:3: 1227 daAuts
     D:9: 1173 daAuts
     D:5: 1111 daAuts
  Lair:4: 924 daAuts
    D:10: 911 daAuts
     D:3: 891 daAuts
     D:8: 873 daAuts
     D:1: 858 daAuts
     D:4: 722 daAuts
     D:2: 624 daAuts
